 Dungeon Crawl Stone Soup version 0.30.0-29-ga12c61a403 (webtiles) character file.

Game seed: 6556312198554511151

11 ChadusMaximus the Caller (level 2, 0/19 HPs)
             Began as a Human Summoner on June 9, 2023.
             Succumbed to an adder's poison
             ... on level 2 of the Dungeon.
             The game lasted 00:00:38 (684 turns).

ChadusMaximus the Caller (Human Summoner)            Turns: 684, Time: 00:00:39

Health: 0/19       AC:  2    Str:  8    XL:     2   Next: 40%
Magic:  3/5        EV: 12    Int: 15    God:
Gold:   60         SH:  0    Dex: 13    Spells: 4/5 levels left

rFire   . . .        e - +0 war axe
rCold   . . .        (no shield)
rNeg    . . .        a - +0 robe
rPois   .            (no helmet)
rElec   .            (no cloak)
rCorr   .            (no gloves)
SInv    .            (no boots)
Will    .....        (no amulet)
Stlth   ++           (no ring)
HPRegen 0.23/turn    (no ring)
MPRegen 0.09/turn

%: no passive effects
@: lethally poisoned (0 -> -2)
A: no striking features
a: no special abilities


You were on level 2 of the Dungeon.
You visited 1 branch of the dungeon, and saw 2 of its levels.

You collected 60 gold pieces.

Inventory:

Hand Weapons
 d - a +0 dagger
 e - a +0 war axe (weapon)
Armour
 a - a +0 robe (worn)
Scrolls
 c - a scroll of magic mapping {unknown}
 f - a scroll of blinking {unknown}
 g - a scroll of noise {unknown}
 h - a scroll of identify {unknown}
 i - 2 scrolls of silence {unknown}
 j - a scroll of teleportation {unknown}
Potions
 b - a potion of magic


   Skills:
 - Level 2.2 Dodging
 - Level 2.2 Stealth
 + Level 2.2 Spellcasting
 * Level 4.1 Summonings


You had 4 spell levels left.
You knew the following spells:

 Your Spells              Type           Power      Damage    Failure   Level
a - Summon Small Mammal   Summ           56%        N/A       4%          1

Your spell library contained the following spells:

 Spells                   Type           Power      Damage    Failure   Level
 Call Imp                 Summ           28%        N/A       6%          2
 Call Canine Familiar     Summ           14%        N/A       12%         3
 Summon Guardian Golem    Hex/Summ       7%         N/A       28%         3
 Summon Lightning Spire   Summ/Air       7%         N/A       67%         4


Dungeon Overview and Level Annotations

Branches:
Dungeon (2/15)

Altars:

Shops:
D:1 *

Annotations:
D:2 Natasha


Message History

No target in view!
Done exploring.
No target in view!
Done exploring.
No target in view!
Done exploring.
There is a stone staircase leading down here.
You climb downwards.
Found a leather armour and 13 gold pieces.
There is a stone staircase leading up here.
No target in view!
An adder comes into view.
The adder hisses angrily.
An adder is nearby!
Natasha, Servant of Life and Death comes into view.
There are monsters nearby!
Natasha hisses angrily.
The adder barely misses you. The adder misses you.
You hit the adder.
The adder is lightly wounded.
The adder bites you. x2
Casting: Summon Small Mammal (safe; 4% risk of failure)
Confirm with . or Enter, or press ? or * to list all spells.
The adder bites you.
You are poisoned.
The adder poisons you!
Casting: Summon Small Mammal (safe; 4% risk of failure)
Confirm with . or Enter, or press ? or * to list all spells.
You feel sick. The adder barely misses you. Natasha claws you.
You feel sick.
Your quokka barely misses Natasha.
The adder closely misses you.
Your rat bites the adder.
Natasha attacks as you move away! Natasha claws you.
* * * LOW HITPOINT WARNING * * *
x2 You feel sick.
Your quokka closely misses Natasha.
Your rat bites the adder.
Natasha attacks as you move away! Natasha claws you.
* * * LOW HITPOINT WARNING * * *
x2 You feel sick.
Your quokka bites Natasha.
The adder attacks as you move away! The adder barely misses you.
An adder comes into view.
You die...

#..........#
#..........#
##........##
#..........#
#...r......#
#..$..r....#
##...hS....#
S.#.........#
~......@<..##
..##....[.##
. #.....##
#...#####
...## ###


You could see Natasha (ally target), 2 adders, a friendly quokka (summoned) and
a friendly rat (summoned).

Vanquished Creatures
  A giant cockroach (D:1)
  A goblin (D:1)
  A kobold (D:1)
  4 bats (D:1)
  A frilled lizard (D:1)
8 creatures vanquished.

Vanquished Creatures (collateral kills)
  A quokka (D:1)
  A kobold (D:1)
2 creatures vanquished.

Grand Total: 10 creatures vanquished

Notes
Turn   | Place    | Note
-------+----------+-------------------------------------------
     0 | D:1      | ChadusMaximus the Human Summoner began the quest for the
                  | Orb.
     0 | D:1      | Reached XP level 1. HP: 13/13 MP: 3/3
   125 | D:1      | Reached XP level 2. HP: 19/19 MP: 5/5
   442 | D:1      | Found Bimer's Assorted Antiques.
   676 | D:2      | Noticed Natasha
   684 | D:2      | Succumbed to an adder's poison

Illustrated notes

Levels and vault maps discovered:
D:1:      wander_arrival_lonely_grave, layout_basic, serial_shops,
          nicolae_shop_crystal, minmay_misc_feat_encased, minmay_strange_pillars
D:2:      layout_rooms, amcnicky_mini_pool_small, uniq_sigmund, uniq_natasha

Action                     || total
---------------------------++-------
  Melee: War axe           ||    31
   Cast: Summon Small Mamm ||     8
   Stab: Sleeping          ||     2
 Armour: Robe              ||    11
  Dodge: Dodged            ||    46
